Map: [ESL] Inside and Out

Players

Bly

  • Race: Zerg Zerg
  • Spawn Location: 1:00

KingCobra - Winner!

  • Race: Protoss Protoss
  • Spawn Location: 7:00

Event: DreamHack SC2 Masters 2022 Atlanta (Online)

VOD

Have the link to the VOD?

Description

Time

  • Played on: Oct. 4, 2022, 2:07 p.m.
  • Length: 28:31

All games in this series

Show
View Real Time Build Order
Export as new Build Order

Bly Zerg 

Build Orders: Pool First 

Get SALT Encoding   

  12  0:00  Drone  
  13  0:10  Drone  
  14  0:24  Spawning Pool  
  13  0:29  Drone  
  14  0:36  Extractor  
  14  0:37  Drone  
  14  0:38  Extractor  
  14  0:42  Drone  
  14  0:49  Overlord  
  16  1:11  Zergling x2  
  16  1:12  Zergling x2  
  16  1:18  Hatchery  
  17  1:21  Drone  
  18  1:35  Drone x2  
  20  1:47  Hatchery  
  19  1:54  Drone  
  20  2:05  Queen  
  22  2:13  Overlord  
  22  2:16  Extractor  
  21  2:25  Evolution Chamber  
  21  2:27  Hatchery  
  21  2:28  Drone x2  
  23  2:38  Drone  
  24  2:46  Queen  
  26  2:52  Overlord  
  26  2:53  Drone  
  27  3:01  Drone x2  
  27  3:02  Queen  
  31  3:11  Drone  
  32  3:17  Drone x4  
  36  3:27  Drone x2  
  38  3:41  Drone x2  
  38  3:42  Drone  
  41  3:49  Drone  
  41  3:50  Drone x4  
  41  3:51  Drone  
  47  3:58  Queen  
  47  4:00  Metabolic Boost  
  49  4:06  Drone  
  49  4:14  Drone  
  50  4:17  Overlord x2  
  49  4:24  Overlord  
  49  4:29  Drone  
  49  4:30  Overlord x2  
  50  4:35  Overlord  
  50  4:39  Lair  
  50  4:43  Drone x6, Evolution Chamber  
  55  4:49  Drone x2  
  57  4:53  Queen x2  
  57  4:54  Drone x3  
  64  5:09  Drone x5  
  64  5:13  Spore Crawler, Zerg Melee Weapons Level 1  
  64  5:14  Spore Crawler  
  62  5:16  Hatchery  
  62  5:18  Drone x2  
  62  5:27  Roach Warren  
  61  5:31  Drone x2  
  61  5:32  Drone x4  
  66  5:40  Drone  
  66  5:41  Drone x7  
  72  5:52  Overseer  
  72  5:54  Drone x6  
  72  5:56  Extractor  
  77  5:57  Extractor  
  77  5:58  Extractor x2  
  77  6:00  Extractor  
  73  6:09  Glial Reconstitution  
  73  6:12  Hatchery  
  72  6:19  Drone x3  
  72  6:25  Queen x3  
  77  6:32  Drone x7  
  88  6:40  Spore Crawler, Drone  
  88  6:41  Overlord  
  88  6:42  Spire, Overlord x2  
  85  6:48  Overlord  
  85  6:49  Spore Crawler  
  84  6:59  Overlord  
  84  7:01  Drone x10  
  88  7:03  Spore Crawler  
  88  7:07  Overlord  
  93  7:14  Overseer  
  93  7:20  Drone x6  
  93  7:22  Zerg Missile Weapons Level 1, Extractor  
  98  7:29  Roach x7  
  112  7:30  Tunneling Claws  
  112  7:43  Roach x8  
  128  7:58  Overlord x4  
  134  8:14  Overlord  
  134  8:15  Overlord  
  134  8:17  Baneling Nest  
  127  8:23  Extractor  
  126  8:31  Mutalisk x13  
  126  8:33  Zergling x2  
  126  8:34  Zergling x22  
  164  8:37  Spine Crawler  
  164  8:38  Spine Crawler  
  162  8:48  Zergling x14  
  169  8:59  Zerg Flyer Weapons Level 1  
  169  9:00  Centrifugal Hooks  
  169  9:01  Overlord  
  167  9:03  Infestation Pit, Ravager  
  162  9:15  Zerg Melee Weapons Level 2  
  162  9:16  Roach x2  
  162  9:17  Roach x3  
  172  9:18  Overlord x2  
  148  9:39  Mutalisk x6  
  148  9:41  Overlord x2  
  148  9:42  Zergling x32  
  137  9:53  Pneumatized Carapace, Hive  
  137  9:56  Overseer x2  
  137  10:06  Zergling x12  
  137  10:07  Zergling x18  
  128  10:14  Burrow  
  126  10:23  Drone x11  
  126  10:27  Baneling x9  
  137  10:30  Baneling x4  
  137  10:37  Drone  
  137  10:38  Drone x4  
  142  10:54  Zerg Flyer Armor Level 1  
  142  10:58  Evolution Chamber  
  128  11:17  Ultralisk Cavern  
  126  11:18  Drone x14  
  126  11:21  Extractor  
  126  11:22  Extractor  
  126  11:25  Zerg Ground Armor Level 1  
  135  11:28  Adrenal Glands  
  135  11:38  Baneling x6  
  135  11:44  Roach x11  
  135  11:46  Zergling x22  
  168  11:47  Spore Crawler  
  168  11:50  Spine Crawler x3  
  168  11:52  Roach  
  153  12:18  Corruptor x9  
  159  12:29  Chitinous Plating  
  153  12:32  Spine Crawler  
  152  12:40  Roach  
  152  12:42  Roach x5  
  152  12:44  Roach  
  152  12:45  Baneling x3  
  152  12:46  Baneling x4  
  152  12:47  Ultralisk x2  
  152  12:48  Queen x3  
  152  12:49  Queen, Overlord  
  172  12:58  Roach x3  
  168  13:09  Hatchery  
  159  13:15  Baneling  
  159  13:16  Baneling x10  
  171  13:27  Ultralisk x4  
  173  13:35  Overseer  
  173  13:36  Corruptor x2  
  170  13:59  Zerg Ground Armor Level 2, Zerg Flyer Armor Level 2  
  170  14:01  Zerg Melee Weapons Level 3  
  170  14:13  Zergling x42  
  183  14:34  Drone  
  183  14:35  Drone x5  
  185  14:52  Corruptor x9  
  200  15:02  Overlord  
  193  15:21  Corruptor x3  
  193  15:25  Zergling x6  
  195  15:36  Viper  
  195  15:39  Spore Crawler, Viper  
  200  15:43  Spine Crawler  
  200  15:44  Spine Crawler x2  
  200  15:48  Overseer x3  
  195  16:00  Zergling x14  
  184  16:22  Zergling x20  
  184  16:23  Zergling x12  
  184  16:24  Baneling x6  
  199  16:38  Roach x2  
  188  16:40  Spore Crawler x3  
  188  16:41  Spore Crawler x2  
  188  16:42  Spore Crawler  
  188  16:46  Spore Crawler x2  
  179  16:49  Zerg Flyer Armor Level 3  
  177  17:04  Corruptor x11  
  193  17:33  Spore Crawler  
  193  17:36  Zergling x14  
  199  17:38  Spore Crawler  
  199  17:40  Spore Crawler x2  
  192  17:45  Zerg Ground Armor Level 3  
  192  17:46  Zerg Missile Weapons Level 2  
  190  18:07  Overseer  
  177  18:37  Zergling x30  
  189  18:51  Viper x2  
  189  18:52  Infestor x2  
  199  19:13  Zergling x2  
  199  19:29  Baneling x6  
  199  19:30  Baneling x5  
  185  19:44  Zergling x34  
  144  20:00  Ultralisk x3  
  144  20:02  Overlord  
  144  20:03  Baneling x10  
  166  20:09  Overlord x2  
  125  20:36  Viper x2  
  125  20:37  Ultralisk Cavern  
  125  20:38  Ultralisk x2  
  125  20:40  Overlord x2  
  125  20:41  Spire, Overlord x2  
  141  20:53  Overlord  
  141  20:54  Spawning Pool, Overlord  
  134  21:12  Hatchery  
  133  21:26  Hatchery  
  133  21:27  Ultralisk x3  
  145  21:41  Queen  
  145  21:43  Ultralisk  
  153  22:02  Overlord x2  
  153  22:17  Overlord  
  153  22:23  Spore Crawler x2  
  153  22:24  Hatchery  
  153  22:25  Spore Crawler  
  143  22:42  Ultralisk  
  143  22:43  Zergling x4  
  151  22:45  Spine Crawler  
  78  23:28  Ultralisk  
  64  24:02  Spawning Pool  
  63  24:49  Zergling x6  
  64  25:11  Roach Warren  
  52  25:33  Hatchery  
  51  25:39  Drone  
  52  25:55  Hatchery  
  51  25:57  Drone  
  47  26:32  Hatchery  
  46  26:42  Drone  
  27  28:01  Drone x2  
Show
View Real Time Build Order
Export as new Build Order

KingCobra Protoss - Winner!

Build Orders: Carriers 

Get SALT Encoding   

  12  0:00  Probe  
  13  0:12  Probe  
  14  0:18  Pylon  
  14  0:24  Probe  
  15  0:37  Gateway  
  15  0:38  Probe (Chrono Boost)  
  16  0:47  Probe (Chrono Boost)  
  17  0:54  Forge, Probe  
  18  1:05  Pylon  
  18  1:07  Probe  
  19  1:24  Zealot  
  21  1:27  Photon Cannon  
  21  1:30  Cybernetics Core  
  21  1:38  Probe, Assimilator  
  22  1:49  Pylon  
  22  1:50  Probe  
  22  2:02  Probe (Chrono Boost)  
  22  2:03  Assimilator  
  23  2:14  Probe (Chrono Boost)  
  24  2:19  Probe (Chrono Boost)  
  25  2:29  Probe  
  26  2:34  Nexus  
  26  2:41  Probe (Chrono Boost)  
  27  2:46  Stargate  
  28  2:51  Probe (Chrono Boost)  
  28  2:56  Probe (Chrono Boost)  
  28  2:58  Pylon  
  29  2:59  Warp Gate  
  29  3:07  Probe  
  30  3:18  Stalker  
  30  3:19  Probe  
  33  3:31  Probe  
  38  3:34  Void Ray (Chrono Boost)  
  38  3:42  Shield Battery  
  38  3:47  Probe x2 (Chrono Boost)  
  41  3:57  Probe (Chrono Boost)  
  41  3:59  Probe (Chrono Boost)  
  41  4:01  Probe (Chrono Boost)  
  42  4:04  Oracle  
  42  4:08  Probe  
  47  4:13  Probe  
  48  4:20  Probe  
  49  4:24  Nexus  
  49  4:25  Probe  
  49  4:26  Pylon  
  50  4:32  Probe  
  50  4:35  Assimilator  
  50  4:38  Probe, Assimilator  
  52  4:44  Probe  
  53  4:48  Fleet Beacon  
  53  4:50  Probe  
  54  4:56  Probe  
  55  5:02  Probe  
  55  5:06  Stargate  
  56  5:08  Probe  
  56  5:11  Pylon  
  57  5:14  Probe  
  57  5:20  Photon Cannon, Probe  
  59  5:22  Shield Battery  
  59  5:27  Probe  
  60  5:28  Pylon  
  60  5:32  Probe  
  61  5:39  Probe x2, Tempest (Chrono Boost)  
  68  5:46  Twilight Council, Tempest (Chrono Boost)  
  68  5:48  Probe (Chrono Boost)  
  74  5:51  Probe (Chrono Boost)  
  74  5:52  Probe (Chrono Boost)  
  76  6:00  Probe (Chrono Boost)  
  76  6:02  Probe (Chrono Boost)  
  76  6:03  Probe (Chrono Boost)  
  79  6:05  Gateway  
  79  6:06  Probe (Chrono Boost), Gateway  
  79  6:07  Probe x2 (Chrono Boost)  
  82  6:14  Probe  
  82  6:17  Probe, Assimilator  
  84  6:20  Assimilator  
  84  6:25  Charge (Chrono Boost)  
  84  6:26  Tempest  
  84  6:30  Pylon  
  89  6:34  Probe x2  
  91  6:41  Probe  
  92  6:47  Tempest, Pylon  
  97  6:55  Gateway  
  97  6:57  Gateway  
  97  6:59  Gateway x2  
  97  7:00  Probe x2  
  99  7:04  Templar Archives  
  99  7:08  Protoss Ground Weapons Level 1 (Chrono Boost), Pylon  
  99  7:12  Nexus  
  99  7:14  Pylon  
  99  7:22  Protoss Air Weapons Level 1  
  99  7:23  Mothership (Chrono Boost)  
  99  7:25  Gateway  
  99  7:26  Gateway  
  99  7:27  Pylon  
  99  7:29  Psionic Storm  
  102  7:31  Probe (Chrono Boost)  
  102  7:32  Probe (Chrono Boost)  
  109  7:37  Pylon  
  109  7:42  Photon Cannon  
  110  7:44  Shield Battery  
  110  7:45  Probe (Chrono Boost)  
  110  7:58  High Templar x2  
  114  8:08  Photon Cannon  
  114  8:10  Pylon  
  114  8:12  High Templar  
  116  8:13  High Templar  
  116  8:14  Zealot  
  116  8:15  Zealot x2  
  124  8:21  Gateway  
  124  8:23  Gateway  
  124  8:26  Assimilator  
  124  8:27  Gateway, High Templar, Pylon  
  126  8:30  Photon Cannon  
  126  8:32  Shield Battery, Assimilator  
  126  8:34  High Templar  
  126  8:36  Zealot x5  
  136  8:42  Robotics Facility  
  136  8:55  Photon Cannon  
  136  8:58  Zealot x4, Photon Cannon, Pylon  
  144  9:08  High Templar x2  
  142  9:17  Pylon  
  142  9:19  Zealot x6  
  142  9:23  High Templar x2  
  158  9:26  Zealot x2  
  158  9:28  Phoenix  
  144  9:39  Zealot x4  
  144  9:40  Zealot x2  
  144  9:43  Archon  
  144  9:44  Probe x3  
  138  9:51  Phoenix  
  138  9:52  Probe (Chrono Boost)  
  132  10:02  Probe (Chrono Boost)  
  132  10:03  Probe x2 (Chrono Boost)  
  132  10:09  Probe (Chrono Boost)  
  132  10:10  Phoenix (Chrono Boost)  
  132  10:13  Probe x2 (Chrono Boost)  
  129  10:14  Probe (Chrono Boost)  
  129  10:17  Probe (Chrono Boost)  
  119  10:22  Probe (Chrono Boost)  
  119  10:23  High Templar x3  
  119  10:24  High Templar  
  119  10:27  Phoenix (Chrono Boost), Probe (Chrono Boost)  
  119  10:28  Archon, Probe  
  127  10:29  Archon, Probe  
  127  10:31  Probe  
  127  10:33  Anion Pulse-Crystals (Chrono Boost)  
  131  10:39  Observer, Probe  
  131  10:40  Probe  
  131  10:56  Protoss Air Weapons Level 2 (Chrono Boost)  
  131  10:57  Probe  
  131  10:58  Probe x2, Photon Cannon  
  131  11:03  Protoss Ground Weapons Level 2  
  129  11:11  Phoenix x2 (Chrono Boost), Probe x2  
  117  11:12  Probe  
  120  11:20  Probe  
  120  11:23  Probe  
  120  11:24  Probe x2  
  124  11:32  Pylon  
  124  11:33  Observer  
  124  11:37  High Templar  
  124  11:38  Probe, High Templar  
  124  11:39  Probe x3  
  133  11:43  Archon  
  133  11:45  High Templar x2, Pylon  
  137  11:51  Archon  
  137  11:54  Shield Battery, Probe x2  
  137  11:55  Probe x2  
  141  12:02  Observer  
  141  12:06  Phoenix x2  
  144  12:13  Probe x2  
  141  12:16  Zealot x2  
  142  12:28  Probe  
  142  12:29  Probe x3  
  144  12:31  Phoenix x2  
  148  12:40  Probe  
  148  12:41  Probe  
  150  12:49  Photon Cannon  
  150  12:51  Photon Cannon  
  150  12:54  Photon Cannon  
  150  12:55  Shield Battery  
  150  13:00  Zealot x4  
  158  13:08  Zealot x6  
  168  13:13  Carrier  
  168  13:15  High Templar x2  
  168  13:19  Carrier  
  173  13:35  Probe x3  
  173  13:40  Protoss Air Weapons Level 3 (Chrono Boost)  
  172  13:41  Pylon  
  172  13:42  Pylon  
  172  13:43  High Templar x2  
  172  13:44  High Templar x2  
  172  13:45  Immortal (Chrono Boost)  
  178  13:52  Archon x2  
  172  13:57  Robotics Facility  
  171  14:04  Zealot x2  
  175  14:17  Zealot x2  
  175  14:18  Zealot x6  
  185  14:26  Carrier (Chrono Boost)  
  181  14:32  Protoss Ground Weapons Level 3  
  183  14:47  Carrier (Chrono Boost)  
  180  15:03  Zealot x2  
  180  15:04  Zealot x3  
  183  15:14  Immortal x2  
  179  15:44  Zealot x3  
  179  15:49  Zealot  
  187  15:50  Zealot x4  
  174  16:27  Pylon  
  174  16:29  Pylon  
  174  16:32  Pylon  
  166  16:41  Carrier (Chrono Boost)  
  166  16:43  Carrier (Chrono Boost)  
  161  16:48  Pylon  
  160  16:55  Pylon  
  159  17:01  Zealot x5  
  159  17:05  Probe  
  159  17:06  Probe x2  
  171  17:15  Unknown  
  171  17:19  Probe x2  
  167  17:32  Immortal x2  
  167  17:34  High Templar x5  
  167  17:35  Oracle (Chrono Boost), High Templar  
  189  17:40  Archon  
  189  17:41  Archon x2  
  187  17:47  Nexus  
  187  17:51  Pylon  
  181  17:53  High Templar x2  
  189  18:15  Zealot  
  158  18:34  Probe  
  158  18:35  Probe x2  
  161  18:42  Observer  
  161  18:47  Probe  
  163  18:48  Tempest x2 (Chrono Boost)  
  167  19:02  High Templar x2  
  161  19:29  Tempest  
  166  19:46  Archon  
  138  20:06  High Templar x2  
  138  20:07  High Templar x5  
  138  20:11  Archon x3  
  105  21:09  Probe  
  106  22:00  Zealot  
  108  22:13  Zealot  
  88  23:05  Observer  
  30  24:09  Zealot x5  
  40  24:25  Archon  
  28  25:54  Zealot  
  28  25:55  Zealot  
  26  28:01  Zealot  
Tags
 
Add a new tag
Caveats
  • Supply blocks, unpowered buildings, or Contaminate may cause inaccurate times.
  • Supply counts are checked every 10 seconds.